AoeStats
← Frostfel

Black Forest

510037964Analyzed
3v3 RM · 4d ago on Sep 29, 2026· 56m 30s· 6 players
Game mode
Random Map
Map size
Normal (6 player)
Population
200
Speed
Normal
Resources
Standard
Victory
Conquest
Starting age
Dark Age
Ending age
Imperial Age
RankedLock teamsTeams togetherTeam positionsShared explorationLock speedFull tech treeHidden civsTurbo modeCheats
Victory
Defeat
🇨🇴 Bohemians · Colombia
846
+13
🇲🇽 Vikings · Mexico
814
+15
🇨🇴 Saracens · Colombia
786
+16
🇺🇸 Malians · United States
802
-15
🇦🇷 Teutons · Argentina
788
-15
🇺🇸 Byzantines · United States
759
-14
GymNASAt
0:34 Loom
12:27 Feudal Age
13:25 Double-Bit Axe
16:43 Wheelbarrow
19:01 Castle Age
21:01 Bow Saw
20:41 Fishing Lines
20:55 Gold Mining
29:22 Hand Cart
30:06 Forging
30:38 Scale Barding Armor
34:27 Imperial Age
32:23 Horse Collar
34:39 Iron Casting
34:25 Chain Barding Armor
34:07 Husbandry
35:40 Gold Shaft Mining
34:55 Stone Mining
36:41 Conscription
38:33 Gillnets
39:58 Two-Man Saw
38:50 Stone Mining
39:25 Ballistics
38:45 Treadmill Crane
40:06 Chemistry
38:53 Arrowslits
39:24 Fortified Wall
39:30 Fletching
40:19 Plate Barding Armor
39:36 Fletching
39:14 Elite Cataphract
41:57 Block Printing
42:11 Illumination
42:02 Redemption
41:48 Gambesons
41:34 Elite Varangian Guard
43:44 Stone Shaft Mining
43:35 Caravan
43:51 Guilds
44:14 Coinage
43:52 Thumb Ring
44:55 Scale Mail Armor
44:56 Padded Archer Armor
44:52 Bodkin Arrow
44:22 Heavy Camel Rider
45:45 Theocracy
46:00 Arson
46:26 Squires
46:13 Arson
46:46 Leather Archer Armor
46:47 Chain Mail Armor
48:02 Bombard Tower
47:39 Murder Holes
48:01 Logistica
50:13 Heavy Plow
50:48 Plate Mail Armor
50:19 Bracer
50:50 Ring Archer Armor
49:43 Elite Skirmisher
50:17 Pikeman
51:02 Greek Fire
51:40 Hoardings
52:00 Halberdier
55:12 Banking
General
0:28 Loom
13:43 Feudal Age
15:04 Horse Collar
16:03 Wheelbarrow
16:44 Double-Bit Axe
17:52 Gold Mining
23:45 Castle Age
24:50 Stone Mining
25:19 Hand Cart
24:48 Man-at-Arms
26:24 Forging
26:43 Long Swordsman
28:06 Heavy Plow
29:59 Iron Casting
30:59 Stone Shaft Mining
31:00 Bow Saw
31:23 Crossbowman
32:37 Town Watch
32:52 Fishing Lines
37:34 Imperial Age
34:38 Elite Skirmisher
34:44 Pikeman
35:29 Fletching
37:05 Gambesons
37:26 Scale Mail Armor
37:23 Bodkin Arrow
37:52 Ballistics
39:07 Town Patrol
39:25 Two-Handed Swordsman
39:32 Cavalier
40:54 Hoardings
42:24 Chemistry
41:09 Champion
42:15 Block Printing
42:35 Scale Barding Armor
43:18 Heavy Scorpion
44:38 Ironclad
44:45 Halberdier
45:26 Squires
49:12 Elite Teutonic Knight
56:40 Crenellations
nathanst1996
0:59 Loom
11:46 Feudal Age
13:23 Double-Bit Axe
13:25 Horse Collar
16:20 Wheelbarrow
24:30 Castle Age
23:29 Man-at-Arms
24:42 Scale Mail Armor
25:31 Long Swordsman
26:12 Squires
26:26 Forging
27:06 Gold Mining
29:46 Arson
30:28 Crossbowman
33:50 Chain Mail Armor
34:11 Iron Casting
34:19 Fletching
35:26 Stone Mining
36:49 Bow Saw
36:55 Padded Archer Armor
37:48 Bodkin Arrow
38:08 Leather Archer Armor
38:02 Thumb Ring
44:23 Imperial Age
42:22 Light Cavalry
43:13 Bloodlines
43:04 Husbandry
43:35 Heavy Plow
45:04 Farimba
45:27 Conscription
46:46 Cavalier
48:01 Scale Barding Armor
51:21 Elite Gbeto
56:09 Chain Barding Armor
Le Tapete
0:44 Loom
14:43 Feudal Age
20:48 Castle Age
19:15 Fishing Lines
20:42 Double-Bit Axe
20:40 Horse Collar
21:53 Town Watch
23:06 Bow Saw
22:59 Heavy Plow
27:59 Gillnets
29:10 Gold Mining
32:24 Scale Mail Armor
32:34 Forging
32:30 Scale Barding Armor
37:35 Imperial Age
35:06 Town Patrol
35:12 Town Patrol
36:25 Caravan
40:09 Elite Berserk
41:20 Caravan
41:52 Coinage
41:08 Pikeman
41:49 Squires
41:34 Arson
41:47 Elite Varangian Guard
44:31 Two-Man Saw
44:05 Crop Rotation
43:43 Stone Mining
44:21 Bogsveigar
45:39 Banking
44:37 Onager
45:28 Heavy Scorpion
47:31 Chain Barding Armor
47:26 Chain Mail Armor
47:47 Iron Casting
47:07 Heated Shot
47:03 Arrowslits
47:09 Guard Tower
50:43 Padded Archer Armor
50:34 Fletching
51:19 Plate Mail Armor
51:49 Blast Furnace
50:58 Chieftains
51:19 Conscription
50:29 Sappers
51:35 Hoardings
52:58 Leather Archer Armor
52:39 Bodkin Arrow
53:45 Ballistics
54:43 Chemistry
Frostfel
0:39 Loom
11:19 Feudal Age
14:48 Wheelbarrow
14:56 Wheelbarrow
14:09 Double-Bit Axe
14:08 Horse Collar
20:15 Castle Age
21:41 Hand Cart
22:50 Bow Saw
27:27 Town Watch
31:58 Imperial Age
30:36 Forging
30:27 Scale Mail Armor
31:14 Heavy Plow
33:40 Squires
33:00 Pikeman
33:02 Elite Skirmisher
33:37 Elite Hussite Wagon
36:03 Two-Man Saw
35:09 Town Patrol
35:52 Iron Casting
35:32 Chain Mail Armor
35:19 Padded Archer Armor
35:09 Fletching
35:27 Caravan
35:33 Halberdier
36:24 Capped Ram
38:36 Fortified Wall
38:36 Masonry
39:27 Chemistry
38:49 Ballistics
38:35 Siege Engineers
39:40 Blast Furnace
38:56 Leather Archer Armor
38:37 Bodkin Arrow
39:16 Crossbowman
39:59 Murder Holes
41:24 Onager
41:30 Houfnice
42:33 Bracer
43:04 Plate Mail Armor
44:54 Bombard Tower
48:54 Architecture
48:10 Arrowslits
48:20 Guard Tower
52:13 Heavy Scorpion
53:48 Wagenburg Tactics
55:15 Ring Archer Armor
54:50 Scale Barding Armor
56:16 Keep
andy uchiha
0:35 Loom
12:20 Feudal Age
13:38 Wheelbarrow
19:31 Castle Age
20:30 Hand Cart
33:10 Pikeman
33:50 Squires
33:36 Arson
39:58 Scale Barding Armor
39:54 Scale Mail Armor
40:05 Forging
43:39 Imperial Age
42:39 Chain Barding Armor
42:35 Chain Mail Armor
42:55 Iron Casting
42:25 Husbandry
42:36 Bloodlines
45:24 Coinage
44:55 Caravan
47:18 Chemistry
46:25 Siege Engineers
46:32 Masonry
46:54 Plate Mail Armor
47:25 Blast Furnace
47:01 Plate Barding Armor
47:41 Heavy Camel Rider
53:12 Padded Archer Armor
53:03 Fletching
53:07 Elite Mameluke
54:08 Conscription
53:59 Counterweights
54:00 Bimaristan
Connection lost

Rejoining the realm…

Still unreachable

The connection could not be restored.

Session expired

The server has moved on; the page needs a fresh start.